 Dungeon Crawl Stone Soup version 0.21-a0-91-ga5031da (webtiles) character file.

3112 Ordine the Carver (level 9, -6/64 HPs)
             Began as an Octopode Fighter on June 27, 2017.
             Was an Initiate of Gozag.
             Mangled by a phantom (9 damage)
             ... on level 7 of the Dungeon.
             The game lasted 00:18:53 (7317 turns).

Ordine the Carver (Octopode Fighter)                Turns: 7317, Time: 00:18:54

Health: -6/64      AC:  1    Str: 15    XL:     9   Next: 91%
Magic:  18/18      EV: 12    Int: 11    God:    Gozag
Gold:   1104       SH: 11    Dex: 14    Spells: 8/8 levels left

rFire    . . .     SeeInvis .   a - +1 long sword
rCold    . . .     Gourm    .   b - +1 shield
rNeg     . . .     Faith    .   (helmet restricted)
rPois    .         Spirit   .   (no amulet)
rElec    .         Reflect  .   I - ring of magical power
rCorr    .         Harm     .   (no ring)
MR       .....                  (no ring)
Stlth    ++........             (no ring)
HPRegen  0.20/turn              (no ring)
MPRegen  0.16/turn              (no ring)
                                (no ring)
                                (no ring)

@: gold aura, drained
A: almost no armour, stealthy swim, amphibious, 8 rings, constrict 8, camouflage
1, gelatinous body 1
a: Potion Petition, Call Merchant, Bribe Branch, Renounce Religion


You were on level 7 of the Dungeon.
You worshipped Gozag.
Gozag was most pleased with you.
You were very hungry.

You visited 2 branches of the dungeon, and saw 9 of its levels.

You collected 1169 gold pieces.
You paid 65 gold pieces to Gozag.

Inventory:

Hand Weapons
 a - a +1 long sword (weapon)
 r - the +5 glaive "Dragonslayer" {protect, *Noise MR+++ Str+7 Dex+4}
   (You found it on level 4 of the Dungeon)

   It protects the one who uses it against injury (+AC on strike).
   It affects your strength (+7).
   It affects your dexterity (+4).
   It affects your resistance to hostile enchantments.
   It may make noises in combat.
 F - the +12 dagger of Wounding {venom, rF- Str+5 Dex+2}
   (You found it on level 6 of the Dungeon)

   It poisons the flesh of those it strikes.
   It affects your strength (+5).
   It affects your dexterity (+2).
   It makes you vulnerable to fire.
 H - the +6 short sword of the Shining Light {freeze, rElec Int+3}
   (You took it off an orc on level 7 of the Dungeon)

   It has been specially enchanted to freeze those struck by it, causing extra
   injury to most foes and up to half again as much damage against particularly
   susceptible opponents.
   It can also slow down cold-blooded creatures.
   It affects your intelligence (+3).
   It insulates you from electricity.
Armour
 b - a +1 shield (worn)
Magical Staves
 u - an uncursed staff of summoning
Jewellery
 j - an uncursed ring of fire
 D - an uncursed ring of ice
 I - a ring of magical power (left tentacle)
Wands
 k - a wand of enslavement (12/24)
 G - a wand of paralysis (14/24)
Scrolls
 i - 3 scrolls of recharging
 o - a scroll of remove curse
 s - 3 scrolls of immolation
 x - 3 scrolls of enchant weapon
 y - a scroll of enchant armour
 z - a scroll of silence
 A - 3 scrolls of teleportation
 B - a scroll of amnesia
 E - a scroll of fog
Potions
 c - a potion of might
 e - 3 potions of brilliance
 g - 3 potions of heal wounds
 h - 2 potions of flight
 l - a potion of resistance
 n - a potion of agility
 p - 2 potions of mutation
 t - 2 potions of lignification
 v - a potion of invisibility {unknown}
 w - 4 potions of curing {unknown}
 C - a potion of berserk rage {unknown}
Books
 J - a book of Geomancy

   Spells                             Type                      Level
   a - Sandblast                      Earth                        1
   b - Passwall                       Transmutation/Earth          2
   c - Stone Arrow                    Conjuration/Earth            3
   d - Petrify                        Transmutation/Earth          4
   e - Lee's Rapid Deconstruction     Earth                        5
 K - a book of Changes

   Spells                             Type                      Level
   a - Beastly Appendage              Transmutation                1
   b - Sticks to Snakes               Transmutation                2
   c - Spider Form                    Transmutation/Poison         3
   d - Ice Form                       Ice/Transmutation            4
   e - Blade Hands                    Transmutation                5
Comestibles
 d - 9 bread rations
 f - 7 meat rations
 m - 5 royal jellies
 q - 4 fruits


   Skills:
 + Level 7.3 Fighting
 * Level 9.9 Long Blades
 - Level 3.0(2.9) Dodging
 + Level 7.3(7.2) Shields


You had 8 spell levels left.
You didn't know any spells.

Dungeon Overview and Level Annotations

Branches:
Dungeon (8/15)             Temple (1/1) D:4
   Lair: D:8-11

Altars:
Ashenzari
Cheibriados
Dithmenos
Elyvilon
Fedhas
Gozag
Hepliaklqana
Kikubaaqudgha
Makhleb
Nemelex Xobeh
Okawaru
Qazlal
Ru
Sif Muna
Trog
Uskayaw
Vehumet
Wu Jian
Xom
Yredelemnul
Zin
The Shining One


Innate Abilities, Weirdness & Mutations

You cannot wear most types of armour.
You are very stealthy in the water. (Stealth+)
You are amphibious.
You can wear up to eight rings at the same time.
You can use your tentacles to constrict eight enemies at once.
Your skin changes colour to match your surroundings (Stealth+).
Your rubbery body absorbs attacks. (AC +1, EV +1)


Message History

The magic dart hits you! The phantom closely misses you.
You block the orc's attack. The phantom hits you.
You are too injured to fight recklessly!
You are too injured to fight recklessly!
You hit the phantom but do no damage. Your squeeze misses the phantom.
The phantom is almost destroyed.
The orc wizard miscasts a cantrip.
The phantom hits you!
* * * LOW HITPOINT WARNING * * *
You block the phantom's attack.
You hit the phantom.
You destroy the phantom!
The orc hits you with a mace!
* * * LOW HITPOINT WARNING * * *
The orc wizard casts a spell at you. The magic dart hits you!
* * * LOW HITPOINT WARNING * * *
The phantom hits you!
You die...
Your body crumbles into a pile of gold.

#..##<..# #..###..# ######
#..###..# ######## .....#
#.......# #......# .....#
#.####..## #.####.# .....#
#.####...# #.# #.# .....#
#........## #.# #.# .....#
#######.oo#######.####.#
.....# #.W@$.......#....#
.....# #...#########..###
.....# #.#.## #...# ######
###...### ###.#
###...#...### #.#
###...#####...### #.#
###...#####...#.=.####.#
###...#####...#####...##.#
#...#####...### #.#....#


You could see a phantom, an orc wizard and an orc.

Vanquished Creatures
  Grinder (D:3)
  A hippogriff (D:7)
  A spriggan (D:7)
  A hungry ghost (D:7)
  A phantom (D:7)
  3 sky beasts
  A necrophage (D:7)
  2 centaurs
  An ogre (D:5)
  3 big kobolds (D:6)
  2 bullfrogs
  A gnoll sergeant (D:7)
  2 water moccasin zombies
  A scorpion (D:7)
  4 wights (D:8)
  3 howler monkeys
  4 crimson imps
  2 hounds
  2 bullfrog skeletons
  3 orc priests
  6 orc wizards
  6 worker ants
  3 gnolls (D:7)
  A howler monkey skeleton (D:6)
  11 adders
  3 shadow imps
  An ooze (D:1)
  2 adder skeletons (D:7)
  A worm (D:5)
  4 dart slugs
  3 leopard geckos
  16 orcs
  7 bats
  13 giant cockroaches
  8 goblins
  6 hobgoblins
  3 jackals (D:3)
  A quokka (D:5)
  A ball python (D:2)
  4 frilled lizards
  20 kobolds
  A leopard gecko skeleton (D:6)
  13 rats
173 creatures vanquished.

Notes
Turn   | Place    | Note
-------+----------+-------------------------------------------
     0 | D:1      | Ordine the Octopode Fighter began the quest for the Orb.
     0 | D:1      | Reached XP level 1. HP: 16/16 MP: 1/1
   112 | D:1      | Reached XP level 2. HP: 21/21 MP: 2/2
   594 | D:1      | Reached XP level 3. HP: 26/26 MP: 3/3
   602 | D:1      | Reached skill level 3 in Long Blades
  1479 | D:2      | Reached XP level 4. HP: 31/31 MP: 4/4
  1631 | D:2      | Upgraded the game from 0.21-a0-88-g13b9641 to 0.21-a0-91-ga5031da
  2000 | D:3      | Reached skill level 4 in Long Blades
  2000 | D:3      | Reached XP level 5. HP: 26/37 MP: 5/5
  2209 | D:3      | Noticed Grinder
  2215 | D:3      | Killed Grinder
  2215 | D:3      | Reached skill level 5 in Long Blades
  2215 | D:3      | Reached XP level 6. HP: 32/43 MP: 6/6
  2897 | D:4      | Reached XP level 7. HP: 45/49 MP: 7/7
  3062 | D:4      | Found a staircase to the Ecumenical Temple.
  3067 | D:4      | Got a dazzling glaive
  3152 | Temple   | Entered the Ecumenical Temple
  3253 | Temple   | Became a worshipper of Gozag Ym Sagoz the Greedy
  3423 | D:5      | Entered Level 5 of the Dungeon
  3550 | D:5      | Reached skill level 6 in Long Blades
  3652 | D:5      | Identified the +5 glaive "Dragonslayer" {protect, *Noise MR+++ Str+7 Dex+4} (You found it on level 4 of the Dungeon)
  3808 | D:5      | Reached skill level 5 in Fighting
  3808 | D:5      | Reached skill level 5 in Shields
  3941 | D:5      | Reached XP level 8. HP: 26/55 MP: 8/8
  4251 | D:5      | Reached skill level 7 in Long Blades
  5309 | D:6      | Got a shimmering dagger
  5310 | D:6      | Identified the +12 dagger of Wounding {venom, rF- Str+5 Dex+2} (You found it on level 6 of the Dungeon)
  5367 | D:6      | Reached skill level 8 in Long Blades
  5803 | D:7      | Noticed a hippogriff
  5808 | D:6      | Reached XP level 9. HP: 60/62 MP: 9/9
  6370 | D:7      | Reached skill level 9 in Long Blades
  6542 | D:7      | HP: 3/63 [something/puff of flame (16)]
  6798 | D:7      | Got a shimmering short sword {freeze}
  6799 | D:7      | Identified the +6 short sword of the Shining Light {freeze, rElec Int+3} (You took it off an orc on level 7 of the Dungeon)
  6873 | D:7      | Found a hide-covered altar of Uskayaw.
  7235 | D:8      | Noticed a death yak
  7235 | D:8      | Noticed a death yak
  7235 | D:8      | Noticed a death yak
  7317 | D:7      | HP: 3/64 [orc wizard/magic dart (5)]
  7317 | D:7      | Mangled by a phantom

Vault maps used:
D:1:      dpeg_arrival_round_a, minmay_tetromino_t2
D:3:      first_bread, uniq_grinder
D:4:      minmay_temple_entry_nine_rooms
D:6:      cheibrodos_thug_alley
D:7:      nicolae_overflow_crystal_walls, the_bakery, nicolae_benzene_ring
D:8:      dpeg_lair_monsters, makhleb_altar_promises_db
Temple:   kilobyte_greek_temple

Skill      XL: |  1  2  3  4  5  6  7  8  9 |
---------------+----------------------------+-----
Long Blades    | 3 4 5 6 8 9 |  9.9
Fighting       | 4 5 6 7 |  7.3
Shields        | 4 5 6 7 |  7.3
Dodging        | |  3.0

Action                   |  1- 3 |  4- 6 |  7- 9 || total
-------------------------+-------+-------+-------++-------
Melee: Long sword        |    74 |    62 |   137 ||   273
       Constrict         |    22 |    18 |    57 ||    97
       Tentacles         |    12 |    17 |    59 ||    88
       Glaive            |       |       |     4 ||     4
       Dagger            |       |       |    96 ||    96
       Short sword       |       |       |    35 ||    35
  Use: Scroll            |     8 |     6 |     8 ||    22
       Potion            |       |       |     2 ||     2
 Stab: Sleeping          |     6 |     8 |     6 ||    20
       Distracted        |       |       |     2 ||     2
  Eat: Chunk             |     2 |     4 |       ||     6
       Bread ration      |       |       |     2 ||     2
       Meat ration       |       |       |     2 ||     2
Armor: Skin              |     7 |     4 |     6 ||    17
Dodge: Dodged            |    31 |    15 |    66 ||   112
Block: Shield            |    41 |    18 |   105 ||   164
       Rpst.: Long sword |     5 |     5 |    12 ||    22
